 Dungeon Crawl Stone Soup version 0.28-a0-1382-g92835e5c71 (webtiles) character file.

Game seed: 754267857437115163

172 fiver49 the Vandal (level 5, -6/44 HPs)
             Began as a Naga Wanderer on Jan 1, 2022.
             Mangled by a hornet zombie (10 damage)
             ... on level 6 of the Dungeon.
             The game lasted 00:09:10 (2386 turns).

fiver49 the Vandal (Naga Wanderer)                  Turns: 2386, Time: 00:09:11

Health: -6/44      AC:  5    Str: 13 (16) XL:     5   Next: 52%
Magic:  7/9        EV:  8    Int:  9 (12) God:
Gold:   179        SH:  0    Dex:  8 (11) Spells: 8/9 levels left

rFire   . . .      SeeInvis +   a - +2 hunting sling
rCold   . . .      Faith    .   (no shield)
rNeg    . . .      Spirit   .   d - +0 leather armour
rPois   +          Reflect  .   (no helmet)
rElec   .          Harm     .   (no cloak)
rCorr   .          Rampage  .   c - +1 pair of gloves
Will    .....                   (no barding)
Stlth   ++........              (no amulet)
HPRegen 0.14/turn               (no ring)
MPRegen 0.11/turn               (no ring)

@: brilliant, very slow
A: AC +1, large, see invisible, deformed body, poison resistance, slowness 2,
spit poison 1, naga tail 1
a: Spit Poison


You were on level 6 of the Dungeon.
You visited 1 branch of the dungeon, and saw 4 of its levels.

You collected 179 gold pieces.

Inventory:

Hand Weapons
 a - a +2 hunting sling (weapon)
 i - a +1 dagger of venom
Missiles
 b - 67 sling bullets (quivered ammo)
 e - 191 stones
Armour
 c - a +1 pair of gloves (worn)
 d - a +0 leather armour (worn)
Scrolls
 g - 2 scrolls of identify
 k - a scroll of enchant armour
 l - a scroll of fear {unknown}
 m - a scroll of acquirement {unknown}
 r - a scroll of brand weapon
 s - a scroll of immolation {unknown}
Potions
 p - a potion of degeneration


   Skills:
 - Level 1.0 Fighting
 - Level 3.9(4.0) Slings
 - Level 1.0(2.6) Throwing
 - Level 3.0 Stealth
 + Level 2.8 Spellcasting
 + Level 0.7 Hexes
 * Level 3.3 Summonings


You had 8 spell levels left.
You knew the following spells:

 Your Spells              Type           Power      Damage    Failure   Level
a - Summon Small Mammal   Summ           40%        N/A       10%         1

Your spell library contained the following spells:

 Spells                   Type           Power      Damage    Failure   Level
 Ensorcelled Hibernation  Hex/Ice        4%         N/A       45%         2
 Summon Guardian Golem    Hex/Summ       7%         N/A       45%         3
 Tukima's Dance           Hex            3%         N/A       65%         3
 Summon Forest            Summ/Tloc      3%         N/A       99%         5
 Eringya's Noxious Bog    Tmut/Pois      0%         N/A       100%        6
 Enfeeble                 Hex            1%         N/A       100%        7
 Summon Hydra             Summ           5%         N/A       100%        7


Dungeon Overview and Level Annotations

Branches:
Dungeon (3/15)

Altars:


Innate Abilities, Weirdness & Mutations

Your serpentine skin is tough. (AC +1)
You have supernaturally acute eyesight. (SInv)
Armour fits poorly on your strangely shaped body.
Your system is resistant to poisons. (rPois)
You cover ground very slowly.
You can spit poison.
You have a snake-like lower body.


Message History

You swap places.
The hornet zombie hits your rat.
Your rat dies!
Your rat's corpse disappears in a puff of smoke!
You feel better. The hornet zombie closely misses you.
You feel better. The hornet zombie hits you.
* * * LOW HITPOINT WARNING * * *
An iguana comes into view.
It was a potion of degeneration.
There was something very wrong with that liquid.
You feel weakened.
You feel dopey.
You feel clumsy. The hornet zombie hits you!
* * * LOW HITPOINT WARNING * * *
The hornet zombie barely misses you.
It was a potion of brilliance.
You feel clever all of a sudden.
The hornet zombie completely misses you.
Casting: Summon Small Mammal (safe; 10% risk of failure)
Confirm with . or Enter, or press ? or * to list all spells.
You don't know that spell.
Fire: 70 sling bullets
Press: ? - help, Q - select action, (/) - cycle Shift-Dir - straight line, f - hornet zombie
Aim: a hornet zombie (63% to hit)
You shoot a sling bullet.
The sling bullet closely misses the hornet zombie.
The hornet zombie hits you but does no damage.
Fire: 69 sling bullets
Press: ? - help, Q - select action, (/) - cycle Shift-Dir - straight line, f/p - hornet zombie
Aim: a hornet zombie (63% to hit)
You shoot a sling bullet.
The sling bullet closely misses the hornet zombie.
The hornet zombie hits you.
* * * LOW HITPOINT WARNING * * *
The hornet zombie hits you but does no damage.
Fire: 68 sling bullets
Press: ? - help, Q - select action, (/) - cycle Shift-Dir - straight line, f/p - hornet zombie
Aim: a hornet zombie (63% to hit)
You shoot a sling bullet.
The sling bullet barely misses the hornet zombie.
The hornet zombie hits you!
You die...

,*,*,,,**,****8***8****,,,,,,,***
,*,*,,,**,*********** *,,,***** *
,*,*,,,,,,*,,,**,,,,* *,,,* *
,*,,,,,*,,*,,,**,,,,* ***** *
,***,,,*,,,,,,,,,,*** * ,*
*,,,,,**,******* * ,***,******,**
* ,,,,,* #..########## ********
****** #.....@Z...(# *,,,,,,*
**********###+###+###'###*,,,,,,*
,,,,,,,,,,*,,#.......#..#*,,,,,,*
*********,*,,#.l.....#..#*,,,,,,*
*,+,,+###+###+(.+,,,,,,,*
*,*,,*,+,,,+,#..#,,,,,,,,
*,*,,*,*,,,*,#..#,,,,,,,*
*,+**+,*,_,*,+##+,**,****
*,*,,*,*,,,*,*,,*,**,****


You could see a hornet zombie.

Vanquished Creatures
  A hound (D:3)
  A howler monkey zombie (D:3)
  2 gnolls (D:3)
  3 adders
  2 dart slugs (D:1)
  4 orcs (D:3)
  6 bats
  3 endoplasms
  2 giant cockroaches
  9 hobgoblins
  4 jackals
  2 quokkas
  6 ball pythons
  3 frilled lizards
  5 goblins
  7 kobolds
  5 rats
65 creatures vanquished.

Vanquished Creatures (collateral kills)
  A gnoll (D:3)
  A frilled lizard (D:2)
  A rat (D:2)
3 creatures vanquished.

Grand Total: 68 creatures vanquished

Notes
Turn   | Place    | Note
-------+----------+-------------------------------------------
     0 | D:1      | fiver49 the Naga Wanderer began the quest for the Orb.
     0 | D:1      | fiver49 set off with the following items: a +2 hunting
                  | sling, 21 sling bullets, a +0 pair of gloves, a +0 leather
                  | armour; and the following spell memorised: Summon Small
                  | Mammal; and the following spells available to memorise:
                  | Summon Guardian Golem
     0 | D:1      | Reached XP level 1. HP: 18/18 MP: 3/3
    92 | D:1      | Reached XP level 2. HP: 25/25 MP: 5/5
   124 | D:1      | Found a faded altar of an unknown god.
   401 | D:1      | Reached XP level 3. HP: 31/31 MP: 6/6
  1083 | D:2      | Reached XP level 4. HP: 38/38 MP: 7/7
  1822 | D:3      | Reached XP level 5. HP: 44/44 MP: 8/8
  2352 | D:3      | You fall into a shaft and drop 3 floors!
  2352 | D:6      | Noticed an ogre
  2378 | D:6      | HP: 1/44 [hornet zombie (4)]
  2386 | D:6      | Mangled by a hornet zombie

Illustrated notes

Levels and vault maps discovered:
D:1:      wander_arrival_estate, layout_rooms, ebering_ecumenical_altar_webs,
          minmay_tromino_v4_a
D:2:      layout_basic
D:3:      layout_loops_ring, nrook_mini_backslash, minmay_bisected
D:6:      layout_basic, nicolae_overflow_hidden_temple,
          mainiacjoe_overflow_24_doors, minmay_alternating_orb

Skill      XL: |  1  2  3  4 |
---------------+-------------+-----
Slings         | 3 |  3.9
Summonings     | 3 |  3.3
Fighting       | |  1.0
Throwing       | |  1.0
Stealth        | |  3.0
Spellcasting   | |  2.8
Hexes          | |  0.7

Action                   |  1- 3 |  4- 6 || total
-------------------------+-------+-------++-------
 Fire: Hunting sling     |    90 |    65 ||   155
 Cast: Summon Small Mamm |     5 |    11 ||    16
 Abil: Spit Poison       |     3 |     3 ||     6
  Use: Potion            |       |     7 ||     7
       Scroll            |       |     6 ||     6
Armor: Leather armour    |     9 |     7 ||    16
Dodge: Dodged            |    13 |    14 ||    27

Table legend: (Time is in decaauts)
 A = Elapsed time spent in this place.
 B = Non-inter-level travel time spent in this place.
 C = Inter-level travel time spent in this place.
 D = Time resting spent in this place.
 E = Time spent auto-exploring this place.
 F = Levels seen in this place.
 G = Mean time per level.
                   A        B        C        D        E       F      G
               +--------+--------+--------+--------+--------+-----+--------+
         Total |   3022 |   2926 |     96 |    190 |   2279 |   4 |  755.5 |
       Dungeon |   3022 |   2926 |     96 |    190 |   2279 |   4 |  755.5 |
               +--------+--------+--------+--------+--------+-----+--------+

Top non-repeatable levels by time:
     D:2: 1074 daAuts
     D:3: 1058 daAuts
     D:1: 849 daAuts
     D:6: 39 daAuts
